 Dungeon Crawl Stone Soup version 0.31-a0-986-g5e6e4ef867 (webtiles) character file.

Game seed: 11657669090061371968

88 Adrian566 the Ruffian (level 4, -13/35 HPs)
             Began as a Demigod Shapeshifter on Nov 11, 2023.
             Killed by an exploding gnoll (39 damage)
             ... ignited by their inner flame
             ... on level 2 of the Dungeon.
             The game lasted 00:02:51 (1587 turns).

Adrian566 the Ruffian (Demigod Shapeshifter)        Turns: 1587, Time: 00:02:52

Health: -13/35     AC:  3    Str: 19    XL:     4   Next: 9%
Magic:  6/6        EV: 12    Int: 12    God:
Gold:   60         SH:  0    Dex: 13    Spells: 3/3 levels left

rFire   . .          .
                       - Unarmed
rCold   . . .        (no shield)
rNeg    . . .        h - +0 leather armour
rPois   .            (helmet currently unavailable)
rElec   .            (cloak currently unavailable)
rCorr   .            (gloves currently unavailable)
SInv    .            (boots currently unavailable)
Will    .....        l - amulet of the acrobat
Stlth   +            (no ring)
HPRegen 0.25/turn    (no ring)
MPRegen 0.10/turn

%: acrobat
@: beast-form
A: beast (slay +1), high MP 1, forlorn, divine attributes
a: Begin Untransformation


You were on level 2 of the Dungeon.
You were a hulking beast.
You visited 1 branch of the dungeon, and saw 2 of its levels.

You collected 60 gold pieces.

Inventory:

Armour
 a - a +0 animal skin
 h - a +0 leather armour (worn)
Jewellery
 l - an amulet of the acrobat (around neck)
Talismans
 c - a beast talisman (active)
 d - a flux talisman
Wands
 i - a wand of roots (7)
Potions
 k - a potion of degeneration {unknown}
 m - a potion of curing {unknown}


   Skills:
 + Level 1.2 Fighting
 + Level 0.7 Armour
 + Level 2.1 Dodging
 + Level 0.4 Stealth
 + Level 3.7 Unarmed Combat
 + Level 3.2 Shapeshifting


You had 3 spell levels left.
You didn't know any spells.
Your spell library contained the following spells:

 Spells                   Type           Power      Damage    Failure   Level
 Summon Small Mammal      Summ           0%         N/A       36%         1
 Call Canine Familiar     Summ           0%         N/A       75%         3
 Summon Guardian Golem    Hex/Summ       0%         N/A       75%         3


Dungeon Overview and Level Annotations

Branches:
Dungeon (2/15)


Innate Abilities, Weirdness & Mutations

You are a hulking beast.
Your limbs bulge with bestial killing power. (Slay +1)
You have an increased reservoir of magic. (+10% MP)
You shall have no god before yourself.
Your divine heritage dramatically boosts your attributes as you level up.


Message History

You catch the helpless kobold completely off-guard!
You hit the kobold.
The kobold is moderately wounded.
The kobold hits you but does no damage.
The gnoll hits you from afar with a +0 spear.
The frilled lizard bites you but does no damage.
You smack the kobold!
You kill the kobold!
The gnoll hits you but does no damage.
The frilled lizard bites you but does no damage.
You hit the frilled lizard.
You kill the frilled lizard!
You flicker for a moment.
The gnoll barely misses you.
You swing at nothing.
The gnoll hits you but does no damage.
As you read the scroll labelled OXOSYT HESHROQ, it crumbles to dust.
The creatures around you are filled with an inner flame!
It was a scroll of immolation.
The gnoll hits you but does no damage.
As you read the scroll labelled XOUKI LORYULLA, it crumbles to dust.
It is a scroll of identify.
g - a potion of cancellation The gnoll barely misses you.
You aren't carrying any scrolls.
Your magical effects are unravelling.
You feel magically purged.
You feel less wooden.
Your +0 leather armour unmelds from your body.
You turn into a hulking beast.
You flicker back into view.
The gnoll hits you from afar with a +0 spear.
The gnoll barely misses you.
You hit the gnoll.
Flame seeps out of the gnoll.
The gnoll is moderately wounded.
You hit the gnoll.
Flame seeps out of the gnoll.
The gnoll is severely wounded.
The gnoll is engulfed in blazing flames.
The gnoll explodes!
The fiery explosion engulfs you!!!
Ouch! That really hurt!
You die...

#...##.# #.#
##### #
#...##.# #.# #
#...##.# #'# #
####......# ...
# #........##
.. #........#
.. #........#
#....).).#
#.....†h.#
#......§○#
#.......§..
#............
######.##......
#.# ...... #.#
...... #.
......


There were no monsters in sight!

Vanquished Creatures
  2 adders (D:2)
  4 gnolls
  2 dart slugs
  2 bats (D:2)
  An endoplasm (D:2)
  4 giant cockroaches
  A goblin (D:2)
  5 hobgoblins
  5 kobolds
  2 quokkas (D:2)
  6 ball pythons
  2 frilled lizards
  A rat (D:2)
37 creatures vanquished.

Notes
Turn   | Place    | Note
-------+----------+-------------------------------------------
     0 | D:1      | Adrian566 the Demigod Shapeshifter began the quest for the
                  | Orb.
     0 | D:1      | Reached XP level 1. HP: 15/15 MP: 3/3
   198 | D:1      | Reached XP level 2. HP: 12/22 MP: 4/4
   936 | D:2      | Reached skill level 1 in Fighting
  1092 | D:2      | Reached XP level 3. HP: 26/28 MP: 5/5
  1578 | D:2      | Reached XP level 4. HP: 35/35 MP: 6/6
  1587 | D:2      | Killed by an exploding gnoll... ignited by their inner
                  | flame

Illustrated notes

Levels and vault maps discovered:
D:1:      dpeg_arrival_tiny_k, layout_basic, minmay_misc_feat_rows,
          nicolae_grassy_gnolls
D:2:      layout_basic, basic_ecumenical_altar

Skill      XL: |  1  2 |
---------------+-------+-----
Unarmed Combat | 3 |  3.7
Shapeshifting  | 3 |  3.2
Fighting       | 1 |  1.2
Dodging        | 2 |  2.1
Armour         | |  0.7
Stealth        | |  0.4

Action                     |  1- 3 |  4- 6 || total
---------------------------+-------+-------++-------
  Melee: Unarmed           |   113 |     5 ||   118
         Punch             |     3 |       ||     3
Ability: Begin Untransform |     1 |       ||     1
    Use: Potion            |     3 |     1 ||     4
         Scroll            |       |     2 ||     2
   Stab: Sleeping          |     1 |       ||     1
         Invisible         |     1 |     1 ||     2
 Armour: Animal skin       |    15 |       ||    15
         Leather armour    |    37 |     2 ||    39
         Skin              |    41 |     7 ||    48
  Dodge: Dodged            |    70 |     3 ||    73
   Form: Beast             |     2 |       ||     2
         Flux              |     1 |       ||     1

Table legend: (Time is in decaauts)
 A = Elapsed time spent in this place.
 B = Non-inter-level travel time spent in this place.
 C = Inter-level travel time spent in this place.
 D = Time resting spent in this place.
 E = Time spent auto-exploring this place.
 F = Levels seen in this place.
 G = Mean time per level.
                   A        B        C        D        E       F      G
               +--------+--------+--------+--------+--------+-----+--------+
         Total |   1579 |   1540 |     39 |    166 |   1111 |   2 |  789.5 |
       Dungeon |   1579 |   1540 |     39 |    166 |   1111 |   2 |  789.5 |
               +--------+--------+--------+--------+--------+-----+--------+

Top non-repeatable levels by time:
     D:1: 922 daAuts
     D:2: 656 daAuts
